 Dungeon Crawl Stone Soup version 0.28-a0-938-gbc3f381ebc (webtiles) character file.

Game seed: 16968357531378339567

6406 Peloso the Carver (level 10, -1/88 HPs)
             Began as a Minotaur Fighter on Nov 28, 2021.
             Was a High Priest of Okawaru.
             Killed by divine providence
             ... invoked by an orc priest
              (13 damage)
             ... on level 10 of the Dungeon.
             The game lasted 00:22:47 (13021 turns).

Peloso the Carver (Minotaur Fighter)               Turns: 13021, Time: 00:22:48

Health: -1/88      AC: 16    Str: 23    XL:     10   Next: 66%
Magic:  9/9        EV:  6    Int:  5    God:    Okawaru [*****.]
Gold:   404        SH: 10    Dex: 11    Spells: 9/9 levels left

rFire   . . .      SeeInvis .   a - +3 long sword
rCold   . . .      Faith    +   c - +0 kite shield {reflect}
rNeg    . . .      Spirit   .   C - +0 plate armour
rPois   .          Reflect  +   (helmet restricted)
rElec   .          Harm     .   (no cloak)
rCorr   .          Rampage  .   (no gloves)
Will    .....                   t - +0 pair of boots
Stlth   ..........              n - amulet of faith
HPRegen 0.24/turn               (no ring)
MPRegen 0.11/turn               (no ring)

@: no status effects
A: horns 2, retaliatory headbutt
a: Renounce Religion, Heroism, Finesse, Duel


You were on level 10 of the Dungeon.
You worshipped Okawaru.
Okawaru was extremely pleased with you.
You visited 2 branches of the dungeon, and saw 11 of its levels.

You collected 500 gold pieces.
You spent 96 gold pieces at shops.

Inventory:

Hand Weapons
 a - a +3 long sword (weapon)
 b - a +2 short sword of flaming
Armour
 c - a +0 kite shield of reflection (worn)
 p - +0 fire dragon scales
 t - a +0 pair of boots (worn)
 C - a +0 plate armour (worn)
Jewellery
 i - a +6 ring of intelligence
 n - an amulet of faith (around neck)
 r - an amulet of guardian spirit
 s - a ring of poison resistance
 E - a ring of flight
 K - a ring of protection from fire
 M - a ring of willpower
Wands
 F - a wand of paralysis (2)
 L - a wand of iceblast (9)
 N - a wand of digging (3)
Scrolls
 j - 2 scrolls of silence
 k - a scroll of enchant weapon
 m - a scroll of summoning
 o - 6 scrolls of teleportation
 q - 3 scrolls of blinking
 u - a scroll of amnesia {unknown}
 v - a scroll of magic mapping {unknown}
 y - a scroll of fog {unknown}
 A - 2 scrolls of fear {unknown}
 B - 2 scrolls of enchant armour {unknown}
 D - 4 scrolls of identify
 G - a scroll of noise {unknown}
 H - 2 scrolls of vulnerability {unknown}
 I - a scroll of immolation {unknown}
Potions
 d - a potion of cancellation {unknown}
 e - a potion of brilliance {unknown}
 f - 2 potions of flight {unknown}
 h - 3 potions of lignification {unknown}
 l - a potion of heal wounds {unknown}
 w - 10 potions of degeneration
 x - 2 potions of mutation {unknown}
 z - a potion of magic {unknown}
 J - 2 potions of berserk rage {unknown}


   Skills:
 + Level 8.0 Fighting
 + Level 12.5 Long Blades
 + Level 10.7 Armour
 + Level 2.4 Dodging
 + Level 1.5 Stealth
 + Level 8.2 Shields
 + Level 0.4 Invocations
 + Level 0.8 Evocations


You had 9 spell levels left.
You didn't know any spells.
Your spell library contained the following spells:

 Spells                   Type           Power      Damage    Failure   Level
 Magic Dart               Conj           0%         1d3       100%        1
 Searing Ray              Conj           0%         2d4       100%        2
 Ignite Poison            Fire/Tmut/Pois 0%         N/A       100%        3
 Mephitic Cloud           Conj/Pois/Air  0%         N/A       100%        3
 Fulminant Prism          Conj/Hex       0%         3d6       100%        4
 Freezing Cloud           Conj/Ice/Air   0%         6-21      100%        5


Dungeon Overview and Level Annotations

Branches:
Dungeon (10/15)            Temple (1/1) D:5            Lair (0/6) D:10
    Orc (0/2) D:9

Altars:
Cheibriados
Dithmenos
Elyvilon
Fedhas
Gozag
Kikubaaqudgha
Okawaru
Qazlal
Ru
Sif Muna
Trog
Uskayaw
Vehumet
Xom
Zin

Shops:
D:4 *[*[[=   D:9 [


Innate Abilities, Weirdness & Mutations

You have a pair of horns on your head.
You reflexively headbutt those who attack you in melee.


Message History

The orc closely misses you. You furiously retaliate!
You headbutt the orc. You barely miss the orc.
You headbutt the orc, but do no damage.
The orc is heavily wounded.
The orc warrior barely misses you. You furiously retaliate!
You headbutt the orc warrior, but do no damage.
You block the orc's attack.
Unknown command.
You closely miss the orc. Your headbutt misses the orc.
The orc is heavily wounded.
The orc warrior barely misses you.
Unknown command.
You hit the orc.
You kill the orc!
Okawaru accepts your kill.
Unknown command.
You barely miss the orc warrior. Your headbutt misses the orc warrior.
The orc warrior is severely wounded.
The orc warrior hits you with a +0 long sword.
* * * LOW HITPOINT WARNING * * *
You closely miss the orc warrior.
You headbutt the orc warrior, but do no damage.
The orc warrior is severely wounded.
The orc warrior hits you but does no damage.
Unknown command.
You slash the orc warrior!
The orc warrior is almost dead.
You block the orc warrior's attack.
Unknown command.
You hit the orc warrior.
You kill the orc warrior!
Okawaru accepts your kill.
The orc priest invokes the aid of Beogh against you.
Beogh smites you!
* * * LOW HITPOINT WARNING * * *
Unknown command.
Items here: )) [ ††.
You feel like a meek peon again.
The orc priest mumbles some strange prayers to Beogh against you.
Beogh smites you!
You die...

...........o#......≈≈≈≈≈≈≈.≈....#
.#########...##.#.≈.≈≈≈≈≈.≈≈≈≈..#
.#########..o....≈..≈≈≈≈≈≈≈≈≈...#
..............o..≈≈≈≈≈≈≈≈≈≈≈≈....
##########.......≈≈≈≈≈.≈.≈.≈≈≈≈..
..........##.#..o≈≈≈≈≈≈....≈≈≈..#
#########....#...≈≈≈≈≈≈.>.≈.≈≈≈.#
#########.≈≈≈≈≈......≈.≈.#
#.......#@≈≈≈≈≈≈..≈.≈≈≈..#
#######.......#..≈≈≈≈...≈.≈≈≈..#
#.............#...≈≈≈≈≈.≈≈≈≈...#
#............[#...≈≈.≈≈.≈≈≈≈...#
#.............#..≈..≈≈≈.≈≈≈≈≈..#
#######............≈≈≈≈.≈≈≈≈≈..#
######'.##.≈≈.≈≈≈.≈.≈≈≈...
#..##..≈≈≈≈≈.≈.≈≈....
#))##..≈..≈≈.≈.≈....#


You could see an orc warrior, an orc priest and an orc.

Vanquished Creatures
  A kobold demonologist (D:9)
  3 trolls
  Grinder (D:5)
  Sigmund (D:6)
  2 wraiths
  6 yaks (D:10)
  An acid dragon (D:10)
  A water moccasin (D:9)
  A swamp drake (D:9)
  4 orc warriors
  A sky beast (D:7)
  An ogre (D:6)
  2 centaurs
  3 wolves (D:10)
  3 kobold brigands
  2 bullfrogs
  2 scorpions (D:4)
  2 gnoll sergeants
  2 water moccasin skeletons (D:5)
  7 killer bees
  12 wights
  A howler monkey (D:5)
  3 electric eels (D:10)
  2 centaur zombies
  9 orc priests
  5 hounds (D:10)
  A jelly (D:7)
  A bullfrog skeleton (D:6)
  3 iguanas
  6 orc wizards
  A scorpion zombie (D:5)
  A howler monkey zombie (D:7)
  7 gnolls
  10 adders
  4 shadow imps
  A white imp (D:6)
  3 ufetubi
  An adder skeleton (D:4)
  2 worms (D:3)
  2 dart slugs
  28 orcs
  5 ball pythons
  6 bats
  7 endoplasms
  3 giant cockroaches
  6 goblins
  7 hobgoblins
  6 jackals
  4 quokkas
  2 frilled lizards (D:2)
  19 kobolds
  7 rats
221 creatures vanquished.

Vanquished Creatures (others)
  A bullfrog skeleton (D:5)
  2 orcs
3 creatures vanquished.

Grand Total: 224 creatures vanquished

Notes
Turn   | Place    | Note
-------+----------+-------------------------------------------
     0 | D:1      | Peloso the Minotaur Fighter began the quest for the Orb.
     0 | D:1      | Reached XP level 1. HP: 19/19 MP: 0/0
   262 | D:1      | Reached XP level 2. HP: 27/27 MP: 1/1
   854 | D:2      | Reached XP level 3. HP: 33/33 MP: 2/2
  1107 | D:2      | Reached skill level 3 in Long Blades
  1175 | D:2      | Reached XP level 4. HP: 33/40 MP: 3/3
  1908 | D:3      | Found a faded altar of an unknown god.
  2069 | D:3      | Reached skill level 4 in Long Blades
  2305 | D:4      | Reached XP level 5. HP: 44/47 MP: 4/4
  2520 | D:4      | Found Obas's Antique Armour Shoppe.
  2618 | D:4      | Reached skill level 5 in Armour
  3047 | D:4      | Found Dymiloaq's Assorted Antiques.
  3050 | D:4      | Bought a scroll labelled DENESAN IMA for 20 gold pieces
  3050 | D:4      | Bought a scroll labelled HOIDWO VOHYENE for 20 gold pieces
  3050 | D:4      | Bought a scroll labelled ZABUMM HOALE for 20 gold pieces
  3050 | D:4      | Bought a blue potion for 18 gold pieces
  3050 | D:4      | Bought a murky purple potion for 18 gold pieces
  3066 | D:4      | Reached XP level 6. HP: 43/55 MP: 5/5
  3390 | D:4      | Reached skill level 1 in Dodging
  3426 | D:4      | Reached skill level 5 in Long Blades
  3773 | D:4      | Found Cibboiby's Armour Boutique.
  3857 | D:4      | Found Zeijasoi's General Store.
  3996 | D:4      | Found Waobb's Jewellery Shop.
  4014 | D:4      | Found Morurrasm's Armour Boutique.
  4343 | D:5      | Entered Level 5 of the Dungeon
  4348 | D:5      | Reached XP level 7. HP: 54/60 MP: 6/6
  4443 | D:5      | Reached skill level 5 in Fighting
  4443 | D:5      | Reached skill level 6 in Long Blades
  4450 | D:5      | Reached skill level 5 in Shields
  4474 | D:5      | Found a staircase to the Ecumenical Temple.
  4483 | Temple   | Entered the Ecumenical Temple
  4511 | Temple   | Became a worshipper of Warmaster Okawaru
  4660 | D:5      | Noticed Grinder
  4682 | D:5      | Killed Grinder
  4682 | D:5      | Reached * piety under Okawaru
  4870 | D:5      | Reached skill level 7 in Long Blades
  5344 | D:6      | Found a shimmering blue altar of Sif Muna.
  5344 | D:6      | Found a white marble altar of Elyvilon.
  5356 | D:6      | Found a radiant altar of Vehumet.
  5447 | D:6      | Noticed Sigmund
  5455 | D:6      | Killed Sigmund
  5456 | D:6      | Reached XP level 8. HP: 65/69 MP: 7/7
  5600 | D:6      | Reached skill level 8 in Long Blades
  5792 | D:6      | Identified the +1 robe of the Apprentice {Slay+3}
  5927 | D:6      | Reached ** piety under Okawaru
  6431 | D:7      | Found a stormy altar of Qazlal.
  6439 | D:7      | Reached skill level 9 in Long Blades
  6900 | D:7      | Found a blossoming altar of Fedhas.
  7104 | D:7      | Noticed a troll
  7122 | D:7      | Killed a troll
  7122 | D:7      | Reached *** piety under Okawaru
  7123 | D:7      | Reached XP level 9. HP: 15/75 MP: 5/8
  7595 | D:8      | Found a glowing silver altar of Zin.
  7793 | D:8      | Noticed a troll
  7812 | D:8      | Reached skill level 10 in Long Blades
  7815 | D:8      | Killed a troll
  7816 | D:8      | Reached skill level 1 in Stealth
  8667 | D:9      | Reached **** piety under Okawaru
  8699 | D:9      | Reached skill level 11 in Long Blades
  9274 | D:9      | Found Mozabu's Armour Shoppe.
 10055 | D:9      | Found a staircase to the Orcish Mines.
 10082 | D:9      | Reached XP level 10. HP: 46/86 MP: 9/9
 10339 | D:10     | Entered Level 10 of the Dungeon
 10399 | D:10     | Reached skill level 10 in Armour
 10418 | D:10     | Reached skill level 12 in Long Blades
 10487 | D:10     | Noticed a smoke demon
 10626 | D:10     | Noticed a sun demon
 10633 | D:9      | Noticed a sun demon
 10637 | D:9      | Reached ***** piety under Okawaru
 11597 | D:10     | Found a staircase to the Lair.
 11867 | D:10     | Received a gift from Okawaru
 13021 | D:10     | Killed from afar by an orc priest

Illustrated notes

Levels and vault maps discovered:
D:1:      scummos_arrival_checkerplants, layout_basic
D:2:      layout_rooms, serial_corexii_hall, corexii_hall_statues_l,
          chequers_hall_statues_wall_a
D:3:      layout_basic, chequers_ecumenical_altar_twisty, grunt_decor_fettered,
          minmay_misc_feat_secret_circle
D:4:      layout_basic, serial_shops, nicolae_shop_behind_doors,
          nicolae_stop_n_shop_2, nicolae_shop_statue_plus, kennysheep_mini,
          nicolae_shop_stone, serial_bayou_pond_e, nicolae_inconvenience_store
D:5:      layout_rooms, lemuel_temple_firewalk_b, uniq_grinder
D:6:      layout_basic, gammafunk_temple_overflow_forgotten, corexii_shack,
          uniq_sigmund
D:7:      layout_loops_ring, nicolae_qazlal_general_emergency, fedhas_altar_2,
          hellmonk_bongcloud_opening
D:8:      layout_rooms, mainiacjoe_overflow_catwalk
D:9:      layout_cave_pools, erik_orc_1, serial_shops, shop
D:10:     layout_basic, erik_lair_island, minivault_19, minmay_orc_keep
Temple:   compressed_dpeg_circular_temple

Skill      XL: |  1  2  3  4  5  6  7  8  9 10 |
---------------+-------------------------------+-----
Fighting       | 4 5 6 7 8 |  8.0
Shields        | 4 5 6 7 8 |  8.2
Armour         | 4 5 6 7 8 9 10 | 10.7
Long Blades    | 3 4 5 7 9 11 12 | 12.5
Dodging        | 1 2 |  2.4
Stealth        | 1 |  1.5
Invocations    | |  0.4
Evocations     | |  0.8

Action                   |  1- 3 |  4- 6 |  7- 9 | 10-12 || total
-------------------------+-------+-------+-------+-------++-------
Melee: Long sword        |    76 |   186 |   357 |   160 ||   779
       Headbutt          |    11 |    29 |    52 |    43 ||   135
Invok: Heroism           |       |       |     3 |     1 ||     4
Evoke: Wand              |       |       |     3 |       ||     3
  Use: Scroll            |       |     4 |     1 |       ||     5
       Potion            |       |       |     2 |     1 ||     3
 Stab: Paralysed         |       |       |     2 |       ||     2
Armor: Scale mail        |    58 |    22 |       |       ||    80
       Fire dragon scale |       |    66 |     7 |       ||    73
       Plate armour      |       |       |   158 |    68 ||   226
Dodge: Dodged            |    44 |    72 |   125 |    56 ||   297
Block: Buckler           |    24 |    48 |   123 |    32 ||   227
       Kite shield       |       |       |       |    29 ||    29

Table legend: (Time is in decaauts)
 A = Elapsed time spent in this place.
 B = Non-inter-level travel time spent in this place.
 C = Inter-level travel time spent in this place.
 D = Time resting spent in this place.
 E = Time spent auto-exploring this place.
 F = Levels seen in this place.
 G = Mean time per level.
                   A        B        C        D        E       F      G
               +--------+--------+--------+--------+--------+-----+--------+
         Total |  13043 |  12724 |    319 |   2339 |   8051 |  11 | 1185.7 |
       Dungeon |  12988 |  12669 |    319 |   2339 |   8051 |  10 | 1298.8 |
        Temple |     54 |     54 |      0 |      0 |      0 |   1 |   54.0 |
               +--------+--------+--------+--------+--------+-----+--------+

Top non-repeatable levels by time:
     D:9: 2371 daAuts
    D:10: 1995 daAuts
     D:4: 1811 daAuts
     D:7: 1252 daAuts
     D:6: 1062 daAuts
     D:8: 1029 daAuts
     D:3: 898 daAuts
     D:5: 879 daAuts
     D:1: 855 daAuts
     D:2: 832 daAuts
  Temple: 54 daAuts
